 Dungeon Crawl Stone Soup version 0.30-a0-626-gd6a5dd7a1f (webtiles) character file.

Game seed: 11346798305605404847

694 bmack86 the Trooper (level 7, -5/64 HPs)
             Began as a Minotaur Fighter on Jan 11, 2023.
             Shot with an arrow by a centaur (14 damage)
             ... on level 5 of the Dungeon.
             The game lasted 00:10:00 (3219 turns).

bmack86 the Trooper (Minotaur Fighter)              Turns: 3219, Time: 00:10:00

Health: -5/64      AC: 14    Str: 22    XL:     7   Next: 37%
Magic:  6/6        EV:  9    Int:  5    God:
Gold:   208        SH:  5    Dex: 10    Spells: 6/6 levels left

rFire   . . .      SeeInvis .    a - +1 war axe (protect)
rCold   . . .      Faith    .    c - +0 buckler
rNeg    . . .      Spirit   .    b - +0 scale mail
rPois   .          Reflect  .    (helmet restricted)
rElec   .          Harm     +    i - scarf {harm}
rCorr   .          Rampage  .    (no gloves)
Will    .....                    (no boots) Stlth
                                 (no amulet)
HPRegen 0.30/turn                (no ring)
MPRegen 0.10/turn                (no ring)

@: under a protective aura
A: horns 2, retaliatory headbutt
a: no special abilities


You were on level 5 of the Dungeon.
You visited 1 branch of the dungeon, and saw 5 of its levels.

You collected 208 gold pieces.

Inventory:

Hand Weapons
 a - a +1 war axe of protection (weapon)
Missiles
 j - 3 boomerangs
 k - a throwing net (quivered)
Armour
 b - a +0 scale mail (worn)
 c - a +0 buckler (worn)
 h - a +0 pair of boots
 i - a scarf of harm (worn)
Wands
 l - a wand of flame (18)
Potions
 d - 3 potions of might
 e - a potion of resistance {unknown}
 f - 2 potions of curing
 g - a potion of mutation {unknown}
 m - 2 potions of attraction


   Skills:
 * Level 6.5 Fighting
 * Level 5.8 Axes
 + Level 1.9 Throwing
 + Level 5.2 Armour
 + Level 5.3 Shields


You had 6 spell levels left.
You didn't know any spells.
Your spell library contained the following spells:

 Spells                   Type           Power      Damage    Failure   Level
 Magic Dart               Conj           0%         1d3       86%         1
 Ensorcelled Hibernation  Hex/Ice        0%         N/A       95%         2
 Passwall                 Tmut/Erth      0%         N/A       95%         2
 Searing Ray              Conj           0%         2d4       95%         2
 Swiftness                Air            0%         N/A       99%         3
 Fulminant Prism          Conj/Hex       0%         3d5       100%        4


Dungeon Overview and Level Annotations

Branches:
Dungeon (5/15)
 Temple: D:4-7

Altars:
Ru
Wu Jian

Shops:
D:2 ?(   D:3 *

Annotations:
D:3 1 runed translucent door, Crazy Yiuf


Innate Abilities, Weirdness & Mutations

You have a pair of horns on your head.
You reflexively headbutt those who attack you in melee.


Message History

The centaur shouts!
The centaur wields a +0 shortbow.
The centaur shoots an arrow.
The arrow hits you.
The centaur shoots an arrow.
The arrow hits you.
The centaur unwields a +0 shortbow.
The centaur hits you but does no damage.
The centaur barely misses you.
The centaur shoots an arrow.
The arrow hits you. You block the centaur's attack.
The centaur kicks you but does no damage.
The centaur shoots an arrow.
The arrow hits you.
The centaur wields a +0 shortbow.
The centaur shoots an arrow.
The arrow hits you!
The centaur shoots an arrow.
The arrow barely misses you.
The centaur unwields a +0 shortbow.
The centaur hits you. The centaur kicks you.
The centaur shoots an arrow.
The arrow hits you.
An ogre comes into view. It is wielding a +0 giant spiked club.
You slash the centaur!
Your weapon exudes an aura of protection.
The centaur is severely wounded.
The centaur closely misses you. You furiously retaliate!
You headbutt the centaur, but do no damage.
You block the centaur's attack.
The centaur shoots an arrow.
The arrow barely misses you.
The arrow completely misses the centaur.
The centaur barely misses you. You furiously retaliate!
You headbutt the centaur!
You kill the centaur!
The centaur shoots an arrow.
The arrow barely misses you.
Found a stone staircase leading up.
The centaur shoots an arrow.
The arrow hits you.
* * * LOW HITPOINT WARNING * * *
The ogre barely misses you.
The centaur shoots an arrow.
The arrow hits you!
* * * LOW HITPOINT WARNING * * *
Things that are here:
a +0 shortbow; a centaur corpse You slash the ogre!
You headbutt the ogre, but do no damage.
The ogre is moderately wounded.
The centaur shoots an arrow.
The arrow hits you!
You die...

.##...... .... ........#
.<.. #. #......# ...#
..###....... ##..## ##..
#.....# .....#
###..####....## ....##.
##....#........##.......
#............c..@O......
##...........#...#......
.#.......†..##...# .....
........###........ ....
........# ....##........
....###.#....##...#..##.
....# ........ .......
......................
..#.....###.##..


You could see an ogre and a centaur.

Vanquished Creatures
  A centaur (D:5)
  A phantom (D:4)
  A scorpion (D:5)
  A howler monkey (D:4)
  A hound (D:4)
  A gnoll bouda (D:3)
  A jelly (D:4)
  3 orc priests (D:4)
  An orc wizard (D:4)
  7 gnolls (D:3)
  8 adders
  3 worms
  5 dart slugs
  8 orcs
  9 ball pythons
  5 endoplasms
  5 giant cockroaches
  8 goblins
  5 hobgoblins
  3 quokkas
  6 bats
  4 frilled lizards
  9 kobolds
  6 rats
102 creatures vanquished.

Notes
Turn   | Place    | Note
-------+----------+-------------------------------------------
     0 | D:1      | bmack86 the Minotaur Fighter began the quest for the Orb.
     0 | D:1      | Reached XP level 1. HP: 19/19 MP: 0/0
   152 | D:1      | Reached XP level 2. HP: 25/27 MP: 1/1
   183 | D:1      | Reached skill level 4 in Fighting
   474 | D:1      | Reached XP level 3. HP: 33/33 MP: 2/2
   725 | D:2      | Found Omiem's Magic Scroll Boutique.
   846 | D:2      | Found Wutz's Weapon Boutique.
  1025 | D:2      | Reached XP level 4. HP: 31/41 MP: 3/3
  1360 | D:3      | Found an ornate altar of the Wu Jian Council.
  1431 | D:3      | Found Hovefesch's General Store.
  1483 | D:3      | Reached skill level 5 in Fighting
  1483 | D:3      | Reached XP level 5. HP: 8/48 MP: 4/4
  1816 | D:3      | Found a runed translucent door.
  1817 | D:3      | Noticed Crazy Yiuf
  2467 | D:4      | Reached XP level 6. HP: 50/56 MP: 5/5
  2563 | D:4      | Reached skill level 1 in Throwing
  2691 | D:4      | Reached skill level 5 in Axes
  2691 | D:4      | Reached skill level 5 in Shields
  2694 | D:4      | Reached skill level 6 in Fighting
  2694 | D:4      | Reached skill level 5 in Armour
  2695 | D:4      | Reached XP level 7. HP: 32/63 MP: 6/6
  2833 | D:4      | Found a sacrificial altar of Ru.
  3181 | D:5      | Entered Level 5 of the Dungeon
  3219 | D:5      | Shot with an arrow by a centaur

Illustrated notes

Levels and vault maps discovered:
D:1:      grunt_arrival_lava_bath, layout_basic
D:2:      layout_basic, serial_shops, shop, shop_statue
D:3:      layout_basic, mainiacjoe_overflow_paths, serial_shops, shop,
          uniq_crazy_yiuf_cottage
D:4:      layout_cave_pools, hangedman_ru_absence, st_stairs_10,
          chequers_decorated_corner
D:5:      layout_cave_pools, grunt_temple_overflow_diamond,
          chequers_serial_rivers_micro_e, dreamdust_gnoll_farm,
          uniq_blork_the_orc

Skill      XL: |  1  2  3  4  5  6 |
---------------+-------------------+-----
Fighting       | 4 5 6 |  6.5
Axes           | 3 4 5 |  5.8
Shields        | 4 5 |  5.3
Armour         | 4 5 |  5.2
Throwing       | 1 |  1.9

Action                   |  1- 3 |  4- 6 |  7- 9 || total
-------------------------+-------+-------+-------++-------
Melee: War axe           |    82 |    96 |    17 ||   195
       Headbutt          |    12 |    19 |     6 ||    37
  Use: Scroll            |     3 |     4 |     2 ||     9
Armor: Scale mail        |    51 |    61 |    11 ||   123
Dodge: Dodged            |    44 |    58 |    12 ||   114
Block: Buckler           |    31 |    30 |     7 ||    68

Table legend: (Time is in decaauts)
 A = Elapsed time spent in this place.
 B = Non-inter-level travel time spent in this place.
 C = Inter-level travel time spent in this place.
 D = Time resting spent in this place.
 E = Time spent auto-exploring this place.
 F = Levels seen in this place.
 G = Mean time per level.
                   A        B        C        D        E       F      G
               +--------+--------+--------+--------+--------+-----+--------+
         Total |   3285 |   3198 |     87 |    141 |   2197 |   5 |  657.0 |
       Dungeon |   3285 |   3198 |     87 |    141 |   2197 |   5 |  657.0 |
               +--------+--------+--------+--------+--------+-----+--------+

Top non-repeatable levels by time:
     D:3: 1088 daAuts
     D:4: 832 daAuts
     D:1: 700 daAuts
     D:2: 624 daAuts
     D:5: 39 daAuts
